 Dungeon Crawl Stone Soup version 0.30-a0-219-gf2db51d15e (webtiles) character file.

Game seed: 16090357928970342807

16963 heikuro the Carver (level 12, -1/97 HPs)
             Began as a Formicid Fighter on Oct 7, 2022.
             Was a High Priest of Wu Jian.
             Slain by a skeletal warrior
             ... wielding a +0 quarterstaff
              (18 damage)
             ... on level 10 of the Dungeon on Oct 8, 2022.
             The game lasted 00:38:12 (15825 turns).

heikuro the Carver (Formicid Fighter)              Turns: 15825, Time: 00:38:12

Health: -1/97      AC: 24    Str: 24    XL:     12   Next: 76%
Magic:  13/13      EV: 10    Int: 10    God:    Wu Jian [*****.]
Gold:   778        SH: 14    Dex: 13    Spells: 11/11 levels left

rFire   . . .      SeeInvis +    P - +1 scimitar (flame)
rCold   . . .      Faith    .    R - +2 kite shield
rNeg    . . .      Spirit   .    c - +1 plate armour
rPois   +          Reflect  .    (helmet unavailable)
rElec   .          Harm     .    M - +2 cloak
rCorr   .          Rampage  .    J - +0 pair of gloves
Will    ++...                    (no boots)
Stlth   ..........               v - amulet of magic regeneration
HPRegen 0.36/turn                h - +4 ring of evasion
MPRegen 0.53/turn                z - +4 ring of protection

@: no status effects
A: permanent stasis, dig shafts and tunnels, antennae 3, four strong arms, high
MP 1, strong-willed 1, poison resistance
a: Dig, Shaft Self, Renounce Religion, Wall Jump, Serpent's Lash, Heavenly Storm


You were on level 10 of the Dungeon.
You worshipped Wu Jian.
Wu Jian was extremely pleased with you.
You visited 1 branch of the dungeon, and saw 12 of its levels.
You also visited: Sewer.

You collected 778 gold pieces.

Inventory:

Hand Weapons
 a - a +0 great sword
 n - a +2 dagger of venom
 P - a +1 scimitar of flaming (weapon)
Missiles
 u - 46 poisoned darts (quivered)
 N - 4 curare-tipped darts
 S - a throwing net
Armour
 c - a +1 plate armour (worn)
 J - a +0 pair of gloves (worn)
 M - a +2 cloak (worn)
 O - a scarf of repulsion
 R - a +2 kite shield (worn)
 T - an orb of mayhem
Jewellery
 h - a +4 ring of evasion (left hand)
 v - an amulet of magic regeneration (around neck)
 z - a +4 ring of protection (right hand)
 A - a ring of poison resistance
 Q - a ring of ice
 W - a +4 ring of protection
Wands
 b - a wand of paralysis (2)
 H - a wand of mindburst (7)
 I - a wand of acid (1)
 L - a wand of flame (6)
 U - a wand of iceblast (14)
Scrolls
 e - 2 scrolls of enchant armour
 g - 4 scrolls of fear
 k - a scroll of noise {unknown}
 l - a scroll of magic mapping
 o - 3 scrolls of amnesia
 p - a scroll of brand weapon
 q - a scroll of torment {unknown}
 t - 2 scrolls of immolation {unknown}
 x - a scroll of summoning {unknown}
 y - a scroll of fog {unknown}
 E - a scroll of acquirement {unknown}
 F - a scroll of poison {unknown}
 K - a scroll of vulnerability {unknown}
Potions
 d - 5 potions of might
 f - 2 potions of resistance
 i - 3 potions of cancellation
 j - a potion of degeneration {unknown}
 m - 6 potions of mutation
 r - 2 potions of heal wounds
 s - 5 potions of curing
 w - a potion of berserk rage {unknown}
 B - a potion of magic {unknown}
 C - 4 potions of haste {unknown}
 D - 4 potions of lignification {unknown}
 G - a potion of invisibility {unknown}
 V - a potion of attraction {unknown}


   Skills:
 + Level 9.6 Fighting
 * Level 11.9 Long Blades
 + Level 9.7 Armour
 + Level 11.4 Shields
 + Level 8.7 Evocations


You had 11 spell levels left.
You didn't know any spells.
Your spell library contained the following spells:

 Spells                   Type           Power      Damage    Failure   Level
 Slow                     Hex            0%         N/A       100%        1
 Ensorcelled Hibernation  Hex/Ice        0%         N/A       100%        2
 Passwall                 Tmut/Erth      0%         N/A       100%        2
 Confusing Touch          Hex            0%         N/A       100%        3
 Gell's Gravitas          Tloc           0%         N/A       100%        3
 Ozocubu's Armour         Ice            0%         N/A       100%        3
 Teleport Other           Tloc           0%         N/A       100%        3
 Vampiric Draining        Necr           0%         2d6       100%        3
 Metabolic Englaciation   Hex/Ice        0%         N/A       100%        5
 Dispersal                Tloc           0%         N/A       100%        6
 Simulacrum               Ice/Necr       0%         N/A       100%        6
 Borgnjor's Revivificati  Necr           0%         N/A       100%        8
 Necromutation            Tmut/Necr      0%         N/A       100%        8
 Death's Door             Necr           0%         N/A       100%        9
 Swiftness                Air            Unusable   N/A       N/A         3

Dungeon Overview and Level Annotations

Branches:
Dungeon (12/15)            Temple (0/1) D:5            Lair (0/5) D:10
    Orc (0/2) D:11          Sewer (visited)

Altars:
Fedhas
Makhleb
Nemelex Xobeh
Okawaru
Ru
Wu Jian
Yredelemnul

Shops:
D:9 *

Annotations:
D:9 1 transporter, baller8008's ghost, novice AtFi


Innate Abilities, Weirdness & Mutations

You cannot be hasted, slowed, berserked, paralysed or teleported.
You can dig through walls and to a lower floor.
You have a pair of large antennae on your head. (SInv)
Your four strong arms can wield two-handed weapons with a shield.
You have an increased reservoir of magic. (+10% MP)
You are strong-willed. (Will+)
Your system is resistant to poisons. (rPois)


Message History

There is a stone staircase leading down, spattered with blood here.
You spin and attack the skeletal warrior.
You barely miss the skeletal warrior.
The skeletal warrior is lightly damaged.
The skeletal warrior closely misses you.
You spin and attack the skeletal warrior.
You hit the skeletal warrior. You burn the skeletal warrior.
The skeletal warrior is moderately damaged.
The skeletal warrior hits you with a +0 quarterstaff.
There is a stone staircase leading down, spattered with blood here.
You spin and attack the skeletal warrior.
You slash the skeletal warrior! You burn the skeletal warrior.
The skeletal warrior is heavily damaged.
The skeletal warrior completely misses you.
You spin and attack the skeletal warrior.
You hit the skeletal warrior but do no damage.
The skeletal warrior is heavily damaged.
The skeletal warrior hits you with a +0 quarterstaff!
There is a stone staircase leading down, spattered with blood here.
You spin and attack the skeletal warrior.
You hit the skeletal warrior but do no damage.
The skeletal warrior is heavily damaged.
You block the skeletal warrior's attack.
You spin and attack the skeletal warrior repeatedly.
You closely miss the skeletal warrior.
The skeletal warrior is heavily damaged.
You hit the skeletal warrior. You burn the skeletal warrior.
The skeletal warrior is heavily damaged.
The skeletal warrior hits you with a +0 quarterstaff!!
* * * LOW HITPOINT WARNING * * *
There is a stone staircase leading down, spattered with blood here.
You spin and attack the skeletal warrior.
You hit the skeletal warrior but do no damage.
The skeletal warrior is heavily damaged.
The skeletal warrior barely misses you.
You spin and attack the skeletal warrior.
You hit the skeletal warrior but do no damage.
The skeletal warrior is heavily damaged.
The skeletal warrior hits you with a +0 quarterstaff!!
You die...

#...## #.....##.....#....###
#....# #.....##.....#....#..
#....# #.....##.....'....'..
######## #.....##.....#....#<.
#..###.## ##............#....#..
#.......# #.............#....#..
#.......# #.............#<...'..
'.......# #.>.z..########....#..
#.......# #.)..@.#...........###
##################..........[....
..................._......#'##...
......................[...#..#..)
..........................+..#...
######..)()...............####...
..PP##......####'##.......#..#...
..PPP#..##+##.....#########..'...
...P....#.........# #...#...


You could see a skeletal warrior.

Vanquished Creatures
  Erolcha (D:9)
  Erica (D:9)
  2 two-headed ogres
  A skeletal warrior (D:10)
  A deep elf pyromancer (D:11)
  2 manticores (D:11)
  5 cyclopes
  Maurice (D:8)
  2 gargoyles (D:11)
  A komodo dragon (D:10)
  2 unseen horrors (D:11)
  3 trolls
  A shadow (D:11)
  18 yaks
  Eustachio (D:6)
  A basilisk (D:12)
  6 vampire mosquitoes
  Edmund (D:6)
  2 acid dragons
  3 water moccasins
  Pargi (Sewer)
  6 orc warriors
  A sky beast (D:7)
  3 ice beasts
  3 ogres
  3 centaurs
  3 kobold brigands
  A phantom (D:7)
  Blork the orc (D:5)
  6 bullfrogs
  2 necrophages
  3 gnoll sergeants
  4 scorpions
  5 wights
  2 electric eels
  A howler monkey (D:5)
  A jelly (D:5)
  A hound (D:4)
  9 orc priests
  5 iguanas
  13 orc wizards
  16 gnolls
  11 adders
  2 river rats (D:5)
  A white imp (D:8)
  2 ufetubi
  A worm (D:2)
  4 dart slugs
  41 orcs
  7 ball pythons
  6 endoplasms
  5 giant cockroaches
  8 goblins
  8 hobgoblins
  2 jackals (D:4)
  2 quokkas
  7 bats
  8 frilled lizards
  21 kobolds
  7 rats
288 creatures vanquished.

Vanquished Creatures (others)
  2 orc wizards
  15 plants (D:10)
17 creatures vanquished.

Grand Total: 305 creatures vanquished

Notes
Turn   | Place    | Note
-------+----------+-------------------------------------------
     0 | D:1      | heikuro the Formicid Fighter began the quest for the Orb.
     0 | D:1      | Reached XP level 1. HP: 18/18 MP: 1/1
   113 | D:1      | Reached XP level 2. HP: 24/24 MP: 2/2
   196 | D:1      | Found a faded altar of an unknown god.
   407 | D:1      | Reached XP level 3. HP: 26/29 MP: 3/3
  1076 | D:2      | Reached XP level 4. HP: 37/37 MP: 4/4
  1132 | D:2      | Found a blossoming altar of Fedhas.
  1594 | D:3      | Found an ornate altar of the Wu Jian Council.
  1718 | D:3      | Became a worshipper of the Wu Jian Council
  1890 | D:3      | Reached XP level 5. HP: 39/42 MP: 5/5
  2533 | D:3      | Reached skill level 5 in Shields
  2538 | D:3      | Reached XP level 6. HP: 29/48 MP: 6/6
  2634 | D:4      | Reached skill level 1 in Evocations
  3016 | D:4      | Reached * piety under Wu Jian
  3179 | D:4      | Noticed an ice beast
  3211 | D:4      | Killed an ice beast
  3212 | D:4      | Reached XP level 7. HP: 14/55 MP: 7/7
  4018 | D:5      | Entered Level 5 of the Dungeon
  4145 | D:5      | Found a staircase to the Ecumenical Temple.
  4162 | D:5      | Reached skill level 5 in Long Blades
  4228 | D:5      | Noticed Blork the orc
  4244 | D:5      | Killed Blork the orc
  4245 | D:5      | Reached skill level 5 in Fighting
  4245 | D:5      | Reached skill level 5 in Armour
  4245 | D:5      | Reached XP level 8. HP: 28/62 MP: 8/8
  4333 | D:5      | Found a glowing drain.
  4347 | Sewer    | Entered a sewer
  4388 | Sewer    | Noticed Pargi
  4404 | Sewer    | Killed Pargi
  4903 | D:5      | Found a sacrificial altar of Ru.
  5082 | D:5      | HP: 3/63 [ogre/+0 giant club (16)]
  5689 | D:6      | Noticed Eustachio
  5701 | D:6      | Killed Eustachio
  5769 | D:6      | Reached ** piety under Wu Jian
  5770 | D:6      | Reached XP level 9. HP: 69/69 MP: 9/9
  6598 | D:6      | Noticed Edmund
  6609 | D:6      | Killed Edmund
  7367 | D:7      | Found a sparkling altar of Nemelex Xobeh.
  7367 | D:7      | Found a basalt altar of Yredelemnul.
  7508 | D:7      | Reached skill level 5 in Evocations
  8081 | D:8      | Reached XP level 10. HP: 49/77 MP: 10/10
  8419 | D:8      | Noticed Maurice
  8423 | D:8      | Killed Maurice
  8911 | D:9      | Gained mutation: You are strong-willed. (Will+) [potion of
                  | mutation]
  8911 | D:9      | Gained mutation: Your system is resistant to poisons.
                  | (rPois) [potion of mutation]
  8911 | D:9      | Gained mutation: You have an increased reservoir of magic.
                  | (+10% MP) [potion of mutation]
  9007 | D:9      | Reached *** piety under Wu Jian
  9076 | D:9      | Found Gohyr's Assorted Antiques.
  9138 | D:9      | Noticed Erica
  9154 | D:9      | Killed Erica
  9556 | D:9      | Found an iron altar of Okawaru.
  9688 | D:9      | Noticed Erolcha
  9706 | D:9      | Killed Erolcha
  9707 | D:9      | Reached XP level 11. HP: 52/86 MP: 12/12
  9912 | D:9      | Found a transporter.
  9913 | D:9      | Identified the +6 great mace "Wueck" {elec, SInv}
  9913 | D:9      | Noticed a two-headed ogre
  9913 | D:9      | Noticed baller8008's ghost (novice AtFi)
  9916 | D:9      | Noticed a two-headed ogre
  9917 | D:9      | Noticed a two-headed ogre
  9917 | D:9      | Noticed a two-headed ogre
 10422 | D:10     | Entered Level 10 of the Dungeon
 10572 | D:10     | Found a burning altar of Makhleb.
 10580 | D:10     | Identified the +0 robe of the Gastropod {Dex+2}
 10681 | D:10     | Reached skill level 10 in Long Blades
 10785 | D:10     | Found a staircase to the Lair.
 11044 | D:10     | Reached **** piety under Wu Jian
 11239 | D:10     | Identified the +1 great mace of Tuiwan {antimagic, Str+3
                  | Dex+3}
 11414 | D:10     | Reached skill level 10 in Shields
 11448 | D:10     | HP: 4/87 [yak (10)]
 11797 | D:11     | Noticed a cyclops
 11830 | D:11     | Killed a cyclops
 12049 | D:11     | Noticed a cyclops
 12049 | D:11     | Noticed a cyclops
 12049 | D:11     | Noticed a brown ugly thing
 12049 | D:11     | Noticed a deep elf pyromancer
 12050 | D:11     | Noticed a deep elf pyromancer
 12240 | D:10     | HP: 3/87 [vampire mosquito (2)]
 12253 | D:10     | HP: 4/87 [vampire mosquito (8)]
 12847 | D:11     | Found a staircase to the Orcish Mines.
 12936 | D:11     | Killed a cyclops
 12948 | D:11     | Killed a cyclops
 12949 | D:11     | Reached XP level 12. HP: 64/94 MP: 13/13
 13351 | D:11     | Noticed a two-headed ogre
 13382 | D:10     | Killed a two-headed ogre
 14421 | D:11     | Noticed a skeletal warrior
 14423 | D:11     | Noticed a skeletal warrior
 14423 | D:11     | Noticed a skeletal warrior
 14424 | D:11     | Noticed a skeletal warrior
 14551 | D:10     | Killed a skeletal warrior
 14802 | D:12     | Reached ***** piety under Wu Jian
 15410 | D:11     | Noticed a two-headed ogre
 15427 | D:11     | Killed a two-headed ogre
 15825 | D:10     | Slain by a skeletal warrior

Illustrated notes

Levels and vault maps discovered:
D:1:      minmay_arrival_diagonal_passages, layout_basic,
          ebering_ecumenical_altar_box
D:2:      layout_loops_ring, serial_glass, glass_columns_c, glass_columns_a,
          basic_altar
D:3:      layout_loops_ring, mainiacjoe_overflow_concentric_impassable,
          nrook_mini_vaults
D:4:      layout_basic, corexii_corridor_pit, roderic_lattice_a
D:5:      layout_layer_cave, nicolae_ru_awakened_eye, temple_statues,
          portal_sewer_entry_a, uniq_blork_the_orc
D:6:      layout_gridville, minmay_hedge_maze, chequers_decorated_corner,
          minmay_circle_x, uniq_edmund, uniq_eustachio
D:7:      cheibrodos_helix_gallery, layout_basic,
          mainiacjoe_overflow_divided_tiny, minmay_misc_feat_cross
D:8:      layout_gridville, uniq_maurice
D:9:      layout_roguey, okawaru_ov_weapons_minmay, serial_rivers,
          chequers_serial_rivers_room_b, chequers_serial_rivers_small_3,
          chequers_serial_rivers_small_a, chequers_serial_rivers_large_a,
          chequers_serial_rivers_room_a, chequers_serial_rivers_micro_a,
          gammafunk_ghost_smash, serial_shops, nicolae_shop_overgrown_old_shop,
          nicolae_concentric_dashed_squares_mild, uniq_erica, uniq_erolcha
D:10:     layout_gridville, bloody_makhleb, david_lair_shrubbed
D:11:     layout_irregular_city, erik_orc_2, minmay_the_grid_2x2
          [minmay_the_grid_plusring, minmay_the_grid_box_x,
          minmay_the_grid_small_cups, minmay_the_grid_prize_big_room]
D:12:     layout_stronghold, uniq_snorg

Skill      XL: |  1  2  3  4  5  6  7  8  9 10 11 12 |
---------------+-------------------------------------+-----
Long Blades    | 3 4 5 6 7 9 10 11 | 11.9
Fighting       | 4 5 6 7 8 9 |  9.6
Armour         | 4 5 6 7 9 |  9.7
Shields        | 5 6 8 9 10 11 | 11.4
Evocations     | 1 2 3 5 6 7 8 |  8.7

Action                   |  1- 3 |  4- 6 |  7- 9 | 10-12 || total
-------------------------+-------+-------+-------+-------++-------
Melee: Long sword        |   102 |   176 |    37 |       ||   315
       Dagger            |       |    17 |   191 |       ||   208
       Great sword       |       |       |   157 |   712 ||   869
       Scimitar          |       |       |       |   144 ||   144
Throw: Dart              |       |     5 |     4 |     5 ||    14
Invok: Lunge             |       |     9 |    13 |    29 ||    51
       Whirlwind         |       |       |    72 |   409 ||   481
 Abil: Dig               |       |     1 |       |     1 ||     2
       Wall Jump         |       |       |     6 |    39 ||    45
Evoke: Wand              |       |       |     2 |    15 ||    17
  Use: Scroll            |       |     2 |     5 |     4 ||    11
       Potion            |       |       |       |     4 ||     4
 Stab: Paralysed         |       |       |       |     2 ||     2
Armor: Scale mail        |    34 |    45 |       |       ||    79
       Chain mail        |       |    55 |     2 |       ||    57
       Plate armour      |       |       |   182 |   367 ||   549
Dodge: Dodged            |    42 |    62 |    79 |   269 ||   452
Block: Buckler           |    21 |    44 |       |       ||    65
       Kite shield       |       |    10 |   183 |   560 ||   753

Table legend: (Time is in decaauts)
 A = Elapsed time spent in this place.
 B = Non-inter-level travel time spent in this place.
 C = Inter-level travel time spent in this place.
 D = Time resting spent in this place.
 E = Time spent auto-exploring this place.
 F = Levels seen in this place.
 G = Mean time per level.
                   A        B        C        D        E       F      G
               +--------+--------+--------+--------+--------+-----+--------+
         Total |  16112 |  15592 |    520 |   3572 |   7433 |  13 | 1239.4 |
       Dungeon |  15911 |  15391 |    520 |   3572 |   7361 |  12 | 1325.9 |
         Sewer |    201 |    201 |      0 |      0 |     71 |   1 |  201.0 |
               +--------+--------+--------+--------+--------+-----+--------+

Top non-repeatable levels by time:
    D:10: 2694 daAuts
    D:11: 2140 daAuts
     D:9: 1700 daAuts
     D:5: 1583 daAuts
     D:4: 1412 daAuts
     D:6: 1196 daAuts
     D:3: 1061 daAuts
     D:7: 1046 daAuts
     D:2: 868 daAuts
     D:8: 828 daAuts
     D:1: 756 daAuts
    D:12: 620 daAuts
   Sewer: 201 daAuts
